 Seeded DCSS version 0.29-a0-542-g075992c915 (webtiles) character file.

Game seed: 9604906113238802953 (custom seed)

149 zeratav the Digger (level 5, -6/31 HPs)
             Began as an Octopode Earth Elementalist on June 3, 2022.
             Mangled by a gnoll
             ... wielding a +0 whip
              (7 damage)
             ... on level 3 of the Dungeon.
             The game lasted 00:02:59 (3161 turns).

zeratav the Digger (Octopode Earth Elementalist)    Turns: 3161, Time: 00:03:00

Health: -6/31      AC:  1    Str:  8    XL:     5   Next: 31%
Magic:  9/9        EV: 13    Int: 19    God:
Gold:   141        SH:  0    Dex: 12    Spells: 9/10 levels left

rFire   . . .      SeeInvis .   i - +0 dagger {short}
rCold   . . .      Faith    .   (no shield)
rNeg    . . .      Spirit   .   (helmet restricted)
rPois   .          Reflect  .   (no amulet)
rElec   .          Harm     .   f - ring of resist corrosion
rCorr   +          Rampage  .   (no ring)
Will    .....                   (no ring)
Stlth   +++.......              (no ring)
HPRegen 0.10/turn               (no ring)
MPRegen 0.11/turn               (no ring)
                                (no ring)
                                (no ring)

@: no status effects
A: almost no armour, amphibious, 8 rings, camouflage 1, gelatinous body 1,
(nimble swimmer 1), tentacles
a: no special abilities


You were on level 3 of the Dungeon.
You visited 1 branch of the dungeon, and saw 3 of its levels.

You collected 141 gold pieces.


Innate Abilities, Weirdness & Mutations

You cannot wear most types of armour.
You are amphibious.
You can wear up to eight rings at the same time.
Your skin changes colour to match your surroundings (Stealth+).
Your rubbery body absorbs attacks. (AC +1, EV +1)
((You are camouflaged when in or above water. (Stealth+)))
You have tentacles for arms and can constrict up to eight enemies at once.


   Skills:
 - Level 2.0 Dodging
 - Level 2.6 Stealth
 + Level 3.2 Spellcasting
 - Level 1.0 Transmutations
 * Level 5.0 Earth Magic


You had 9 spell levels left.
You knew the following spells:

 Your Spells              Type           Power      Damage    Failure   Level
a - Sandblast             Erth           44%        2d11      1%          1

Your spell library contained the following spells:

 Spells                   Type           Power      Damage    Failure   Level
 Passwall                 Tmut/Erth      11%        N/A       6%          2
 Stone Arrow              Conj/Erth      24%        3d8       16%         3
 Petrify                  Tmut/Erth      14%        N/A       38%         4
 Borgnjor's Revivificati  Necr           1%         N/A       100%        8
 Necromutation            Tmut/Necr      2%         N/A       100%        8
 Death's Door             Necr           1%         N/A       100%        9

Inventory:

Hand Weapons
 i - a +0 dagger (weapon) {short}
   (You took it off a goblin on level 1 of the Dungeon)
Missiles
 a - 65 stones {throwing}
Jewellery
 f - a ring of resist corrosion (left tentacle)
   (You found it on level 1 of the Dungeon)
Scrolls
 d - 5 scrolls of fog {unknown}
 j - 2 scrolls of identify {unknown}
 k - a scroll of fear {unknown}
 l - a scroll of poison {unknown}
 n - a scroll of blinking {unknown}
Potions
 b - a potion of magic
 c - 2 potions of flight {unknown}
 e - a potion of haste {unknown}
 g - 2 potions of heal wounds {unknown}
 h - 2 potions of curing {unknown}
 m - 2 potions of berserk rage {unknown}
 o - a potion of attraction {unknown}

Dungeon Overview and Level Annotations

Branches:
Dungeon (3/15)

Altars:

Annotations:
D:3 2 transporters, Heh's ghost, amateur OpWz

##.##.######.#######.#
#.........##.# #.#
#.......#.##.##### #.#
...#.............# #.#
#.###.###.##.###.# #.#
#.###.###.##.# #.# #.#
#.........##.###.###.#
#####'######.....).).#
##...## #####@#####
##.....## #g#
##.......## ..#
#.........# ...#
+<........+ .....
#.........# ##...#
##.......## #..##
##[....## #.# ##...##


You could see a gnoll.


Message History

No target in view!
You now have 141 gold pieces (gained 9).
m - 2 metallic green potions (gained 1)
Found a stone staircase leading down.
A kobold comes into view. It is wielding a +0 short sword.
The kobold shouts!
You hear a shout! x2
A kobold is nearby!
A kobold is nearby!
You closely miss the kobold. Your grab misses the kobold.
You squeeze the kobold.
You kill the kobold!
No target in view!
A gnoll comes into view. It is wielding a +0 flail.
A gnoll is nearby!
A gnoll is nearby!
Things that are here:
a +0 short sword {short}; a stone {throwing}; a kobold corpse The gnoll misses you.
You hit the gnoll but do no damage. You grab the gnoll. You squeeze the gnoll.
You constrict the gnoll, but do no damage.
The gnoll closely misses you.
You hit the gnoll but do no damage. You constrict the gnoll.
The gnoll closely misses you.
You hit the gnoll. You squeeze the gnoll!
You kill the gnoll!
Your Earth Magic skill increases to level 5!
No target in view!
No target in view!
No target in view!
No target in view!
No target in view!
No target in view!
No target in view!
No target in view!
No target in view!
No target in view!
No target in view!
No target in view!
a - 65 stones {throwing} (gained 1)
Things that are here:
a +0 short sword {short}; a kobold corpse 2 gnolls come into view.
A rat comes into view.
Things that are here:
a +0 flail {mace}; a gnoll corpse
There are monsters nearby!
There are monsters nearby!
The gnoll shouts!
You hit the gnoll. Your grab misses the gnoll.
The gnoll hits you with a +0 whip!
HP[-8]
You take 8 damage, and now have 23/31 hp.
MASSIVE DAMAGE!! (PAUSE)
You are too injured to fight recklessly!
You are too injured to fight recklessly!
You are too injured to fight recklessly!
You are too injured to fight recklessly!
You are too injured to fight recklessly!
You are too injured to fight recklessly!
You are too injured to fight recklessly!
You are too injured to fight recklessly!
You are too injured to fight recklessly!
You are too injured to fight recklessly!
You are too injured to fight recklessly!
You are too injured to fight recklessly!
You are too injured to fight recklessly!
You are too injured to fight recklessly!
You are too injured to fight recklessly!
You are too injured to fight recklessly!
You are too injured to fight recklessly!
You are too injured to fight recklessly!
You are too injured to fight recklessly!
You hit the gnoll but do no damage. You grab the gnoll. You squeeze the gnoll.
You constrict the gnoll. The gnoll hits you but does no damage.
You hit the gnoll. You constrict the gnoll. The gnoll hits you with a +0 whip.
HP[-5]
You take 5 damage, and now have 18/31 hp.
You hit the gnoll but do no damage. You squeeze the gnoll.
You constrict the gnoll.
You kill the gnoll!
You closely miss the rat. Your grab misses the rat.
Your squeeze misses the rat. The rat bites you.
HP[-2]
You take 2 damage, and now have 16/31 hp.
You barely miss the rat. Your grab misses the rat. You squeeze the rat.
You kill the rat!
You hit the gnoll. You grab the gnoll.
You constrict the gnoll, but do no damage.
The gnoll hits you with a +0 whip!
* * * LOW HITPOINT WARNING * * *
HP[-8]
You take 8 damage, and now have 8/31 hp.
MASSIVE DAMAGE!! (PAUSE)
You hit the gnoll. You constrict the gnoll. The gnoll barely misses you.
You hit the gnoll. You constrict the gnoll. The gnoll hits you with a +0 whip!
* * * LOW HITPOINT WARNING * * *
HP[-7]
You take 7 damage, and now have 1/31 hp.
MASSIVE DAMAGE!! (PAUSE)
You hit the gnoll. You constrict the gnoll. The gnoll hits you with a +0 whip!
You die...

Skill      XL: |  1  2  3  4  5 |
---------------+----------------+-----
Earth Magic    | 4 5 |  5.0
Spellcasting   | 3 |  3.2
Dodging        | |  2.0
Stealth        | |  2.6
Transmutations | |  1.0

Action                   |  1- 3 |  4- 6 || total
-------------------------+-------+-------++-------
Melee: Unarmed           |    25 |       ||    25
       Tentacles         |    17 |    11 ||    28
       Constrict         |    14 |    11 ||    25
       Punch             |     1 |       ||     1
       Dagger            |    28 |    59 ||    87
 Cast: Sandblast         |    17 |    12 ||    29
 Stab: Sleeping          |     7 |     9 ||    16
       Distracted        |     1 |       ||     1
Armor: Skin              |     6 |     4 ||    10
Dodge: Dodged            |    33 |    36 ||    69

Levels and vault maps discovered:
D:1:      giann_forest_graveyard, layout_basic
D:2:      layout_loops_ring, corexii_shack
D:3:      layout_loops_corners, chequers_ecumenical_altar_simple,
          gammafunk_ghost_smash, minmay_fractal_squares_diagonal_5

Notes
Turn   | Place    | Note
-------+----------+-------------------------------------------
     0 | D:1      | zeratav the Octopode Earth Elementalist began the quest for
                  | the Orb.
     0 | D:1      | Reached XP level 1. HP: 11/11 MP: 3/3
     0 | D:1      | magus.rc [v1.9.6]
   475 | D:1      | Reached XP level 2. HP: 17/17 MP: 5/5
  1417 | D:2      | Reached XP level 3. HP: 17/21 MP: 6/6
  1561 | D:2      | Reached skill level 4 in Earth Magic
  1623 | D:2      | Reached XP level 4. HP: 19/27 MP: 6/8
  2407 | D:3      | Found a transporter.
  2407 | D:3      | Noticed an ogre
  2407 | D:3      | Noticed an ogre
  2407 | D:3      | Noticed Heh's ghost (amateur OpWz)
  2408 | D:3      | Found a transporter.
  2525 | D:3      | You add the spells Borgnjor's Revivification, Necromutation
                  | and Death's Door to your library.
  2550 | D:3      | Reached skill level 3 in Spellcasting
  2550 | D:3      | Reached XP level 5. HP: 17/31 MP: 1/9
  2905 | D:3      | Found a faded altar of an unknown god.
  3147 | D:3      | Reached skill level 5 in Earth Magic
  3160 | D:3      | HP: 1/31 [gnoll/+0 whip (7)]
  3161 | D:3      | Mangled by a gnoll

Vanquished Creatures
  An iguana (D:3)
  2 gnolls (D:3)
  4 adders (D:2)
  A worm (D:2)
  A dart slug (D:1)
  4 ball pythons
  7 endoplasms
  3 giant cockroaches
  8 goblins
  7 hobgoblins
  5 kobolds
  A quokka (D:2)
  7 bats
  A frilled lizard (D:1)
  10 rats
62 creatures vanquished.

Vanquished Creatures (others)
  A plant (D:2)
1 creature vanquished.

Grand Total: 63 creatures vanquished

Table legend:
 A = Non-vault XP
 B = Vault XP
 C = Vault XP percentage of total XP
 D = Non-vault monster count
 E = Vault monster count
 F = Vault count percentage of total count
                 A         B        C        D         E       F
            +---------+---------+-------+---------+---------+-------
      Total |     164 |      49 |  23.0 |      55 |       7 |  11.3
            +---------+---------+-------+---------+---------+-------
        D:1 |      30 |       0 |   0.0 |      15 |       0 |   0.0
        D:2 |      85 |       2 |   2.3 |      22 |       1 |   4.3
        D:3 |      49 |      47 |  49.0 |      18 |       6 |  25.0
            +---------+---------+-------+---------+---------+-------

Illustrated notes

Table legend:
 A = Kills in this place as a percentage of kills in entire the game.
 B = Kills by you in this place as a percentage of kills by you in the entire game.
 C = Kills by friends in this place as a percentage of kills by friends in the entire game.
 D = Other kills in this place as a percentage of other kills in the entire game.
 E = Experience gained in this place as a percentage of experience gained in the entire game.
 F = Experience gained in this place divided by the number of levels of this place that you have seen.
                   A       B       C       D       E      F
               +-------+-------+-------+-------+-------+----------------------
         Total | 100.0 | 100.0 |   N/A |   N/A | 100.0 |  71.0
       Dungeon | 100.0 | 100.0 |   N/A |   N/A | 100.0 |  71.0
               +-------+-------+-------+-------+-------+----------------------

Table legend: (Time is in decaauts)
 A = Elapsed time spent in this place.
 B = Non-inter-level travel time spent in this place.
 C = Inter-level travel time spent in this place.
 D = Time resting spent in this place.
 E = Time spent auto-exploring this place.
 F = Levels seen in this place.
 G = Mean time per level.
                   A        B        C        D        E       F      G
               +--------+--------+--------+--------+--------+-----+--------+
         Total |   3159 |   3133 |     26 |    235 |   2478 |   3 | 1053.0 |
       Dungeon |   3159 |   3133 |     26 |    235 |   2478 |   3 | 1053.0 |
               +--------+--------+--------+--------+--------+-----+--------+

Top non-repeatable levels by time:
     D:1: 1350 daAuts
     D:3: 933 daAuts
     D:2: 875 daAuts
